Map: Lightshade LE

Players

bigdirty - Winner!

  • Race: Protoss Protoss
  • League: Gold

eggbert

  • Race: Terran Terran
  • League: Master

VOD

Have the link to the VOD?

Description

Time

  • Played on: Aug. 2, 2021, 11:53 p.m.
  • Length: 45:03
Show
View Real Time Build Order
Export as new Build Order

bigdirty Protoss - Winner!

Build Orders:  

Get SALT Encoding   

  12  0:00  Probe  
  13  0:12  Probe  
  14  0:24  Pylon  
  14  0:29  Probe  
  15  0:42  Probe  
  16  0:46  Gateway  
  16  0:52  Gateway  
  16  0:59  Assimilator  
  16  1:04  Probe (Chrono Boost), Assimilator  
  17  1:14  Probe (Chrono Boost)  
  18  1:19  Probe (Chrono Boost)  
  19  1:30  Probe  
  20  1:34  Pylon  
  20  1:42  Probe  
  21  1:47  Cybernetics Core  
  21  1:54  Probe  
  22  2:06  Probe  
  23  2:24  Adept x2 (Chrono Boost), Warp Gate  
  26  2:37  Forge  
  25  2:58  Probe  
  25  3:10  Probe  
  26  3:13  Pylon  
  26  3:15  Protoss Ground Weapons Level 1  
  26  3:22  Probe  
  27  3:28  Nexus  
  27  3:29  Pylon  
  27  3:37  Robotics Facility  
  27  3:50  Photon Cannon  
  27  3:57  Photon Cannon  
  27  4:04  Shield Battery  
  27  4:14  Probe  
  28  4:21  Stalker x2  
  32  4:37  Robotics Bay  
  32  4:40  Probe x2 (Chrono Boost)  
  34  4:50  Probe x2 (Chrono Boost)  
  36  4:54  Probe x2 (Chrono Boost)  
  38  5:01  Observer  
  38  5:06  Probe x2  
  41  5:08  Stalker  
  42  5:36  Stalker  
  42  5:37  Stalker  
  42  5:38  Probe x2, Pylon  
  42  5:41  Pylon  
  48  5:51  Observer  
  49  6:01  Twilight Council  
  49  6:06  Extended Thermal Lance  
  49  6:11  Probe x2, Colossus  
  57  6:23  Probe x2, Assimilator  
  57  6:25  Assimilator  
  59  6:35  Probe x2  
  61  6:47  Probe x2  
  63  6:59  Probe  
  64  7:10  Stalker x2  
  64  7:12  Colossus  
  74  7:28  Photon Cannon  
  74  7:30  Photon Cannon, Probe x2  
  74  7:33  Photon Cannon  
  74  7:35  Photon Cannon  
  76  7:38  Shield Battery  
  76  7:40  Shield Battery  
  76  7:42  Probe  
  77  7:45  Nexus  
  77  7:52  Pylon  
  77  7:57  Pylon  
  77  8:02  Protoss Ground Weapons Level 2  
  77  8:06  Charge  
  77  8:10  Colossus  
  83  8:18  Pylon  
  83  8:21  Pylon  
  83  8:27  Probe x2, Pylon  
  83  8:32  Zealot x2  
  89  8:39  Probe x2  
  91  8:45  Gateway  
  91  8:47  Gateway  
  91  8:51  Gateway  
  89  9:05  Zealot x2  
  89  9:08  Gateway  
  93  9:10  Gateway  
  93  9:12  Gateway  
  93  9:13  Probe x2  
  95  9:28  Zealot  
  95  9:29  Zealot  
  99  9:35  Nexus  
  96  9:58  Blink  
  96  9:59  Stalker  
  98  10:00  Stalker  
  98  10:01  Zealot  
  102  10:12  Observer  
  102  10:22  Nexus  
  102  10:24  Pylon  
  102  10:25  Pylon  
  102  10:27  Pylon  
  102  10:30  Pylon x2  
  102  10:50  Colossus  
  102  10:55  Templar Archives, Probe x2  
  110  11:07  Probe x2  
  110  11:08  Pylon  
  110  11:11  Pylon  
  112  11:15  Photon Cannon  
  111  11:18  Photon Cannon  
  111  11:23  Photon Cannon  
  105  11:44  Pylon  
  105  11:47  Pylon  
  105  11:49  Probe x3  
  105  11:51  Photon Cannon  
  108  11:55  Photon Cannon  
  108  12:01  Probe x2  
  108  12:02  Probe  
  111  12:08  Assimilator  
  111  12:13  Assimilator  
  111  12:17  Photon Cannon  
  111  12:20  High Templar x4  
  111  12:21  High Templar x4, Photon Cannon  
  127  12:23  Shield Battery  
  127  12:25  Archon x4  
  127  12:39  Photon Cannon  
  127  12:40  Shield Battery, Psionic Storm  
  127  12:41  Shield Battery  
  127  12:42  Protoss Ground Weapons Level 3  
  119  13:20  High Templar x2  
  119  13:21  High Templar x5  
  133  13:29  Probe x3  
  137  13:41  Probe x2  
  137  13:42  High Templar  
  137  13:46  Archon x3  
  137  13:47  Archon  
  140  14:01  Nexus  
  138  14:05  Pylon  
  138  14:07  Pylon  
  138  14:08  Pylon  
  106  14:10  Pylon  
  106  14:11  Pylon  
  106  14:13  Pylon  
  64  14:20  Zealot  
  64  14:21  Zealot x2  
  64  14:22  Zealot x5  
  73  14:47  Zealot x5  
  73  14:48  Zealot x3  
  83  15:08  Immortal  
  75  15:14  Zealot x3  
  75  15:15  Zealot x4  
  75  15:16  Zealot  
  77  15:38  High Templar x4  
  77  15:39  High Templar x3  
  91  15:48  Immortal  
  95  16:13  Assimilator  
  95  16:17  Assimilator, Zealot x3  
  95  16:18  Zealot x3  
  105  16:19  Zealot x2  
  111  16:27  Immortal  
  115  16:40  Zealot x3  
  115  16:41  Zealot x4  
  115  16:42  Zealot  
  86  17:21  Archon  
  76  17:23  Zealot x2  
  76  17:24  Zealot x6  
  91  17:45  Zealot  
  91  17:46  Zealot x3  
  99  18:09  Gateway  
  99  18:12  Gateway  
  99  18:14  Gateway  
  99  18:15  High Templar x4  
  99  18:16  Gateway  
  107  18:20  Observer, Gateway  
  107  18:24  Pylon  
  107  18:26  Pylon  
  107  18:27  Protoss Ground Armor Level 1  
  107  18:28  Pylon  
  107  18:30  Pylon  
  107  18:32  Nexus  
  107  18:34  Pylon  
  107  18:36  Pylon  
  107  18:38  Pylon  
  107  18:41  Pylon  
  107  18:43  Assimilator  
  107  18:47  Immortal, Assimilator  
  107  19:02  Pylon  
  107  19:04  Pylon  
  107  19:06  Stalker  
  107  19:07  Stalker x4, Pylon  
  107  19:08  Stalker  
  119  19:24  Pylon  
  119  19:26  Photon Cannon  
  119  19:28  High Templar x5  
  119  19:29  High Templar x3  
  135  19:32  Zealot x2  
  135  19:33  Zealot x3  
  141  20:06  Archon x3  
  141  20:07  Archon x2  
  141  20:09  Archon  
  141  20:14  Zealot x4  
  143  20:15  Stalker x3  
  143  20:16  Stalker x3  
  143  20:17  Stalker x3  
  143  20:20  Colossus  
  173  20:44  High Templar x4  
  173  20:46  Zealot x2  
  173  20:47  Zealot x2  
  165  21:13  Zealot x5  
  165  21:14  Zealot x3  
  165  21:15  Zealot  
  173  21:27  High Templar x3  
  179  21:45  Stalker x4  
  183  22:09  High Templar  
  183  22:10  High Templar  
  183  22:11  Zealot x2  
  183  22:12  Zealot  
  183  22:13  Zealot  
  191  22:38  Zealot  
  191  22:39  Zealot x3  
  139  24:50  Zealot x4  
  139  24:51  Zealot x6  
  139  24:52  Zealot x2  
  163  25:26  Stalker x5  
  163  25:27  Stalker x2  
  163  25:28  Stalker x4  
  183  25:29  Stalker  
  131  26:30  Stalker x8  
  131  26:31  Stalker x3  
  131  26:32  Stalker x2  
  142  27:03  Nexus  
  142  27:06  Pylon  
  142  27:07  Pylon  
  142  27:09  Pylon  
  142  27:11  Pylon  
  142  27:14  Assimilator  
  142  27:19  Assimilator  
  142  27:48  Pylon  
  142  27:50  Pylon  
  142  27:52  Pylon  
  142  27:53  Pylon  
  142  27:55  Pylon  
  142  28:44  Stalker x4  
  150  28:59  Stargate  
  150  29:01  Stargate  
  150  29:04  Stargate  
  150  29:07  Stargate  
  150  29:10  Stargate  
  150  30:10  Phoenix x2  
  150  30:11  Phoenix x3  
  160  33:39  Phoenix x4  
  160  33:40  Phoenix  
  170  33:45  Probe x3  
  173  33:57  Probe x3  
  173  34:02  Nexus  
  176  34:04  Phoenix x4  
  176  34:05  Phoenix  
  176  34:09  Probe x3  
  189  34:11  Nexus  
  189  34:21  Nexus  
  189  34:26  Probe  
  189  34:27  Probe x2  
  189  34:29  Nexus  
  192  34:38  Nexus  
  192  34:51  Nexus  
  192  35:01  Nexus  
  192  35:37  Probe x2  
  192  35:38  Probe x5  
  199  36:01  Probe  
  200  36:36  Protoss Ground Armor Level 2  
  200  37:40  Resonating Glaives  
  200  38:04  Assimilator  
  200  38:06  Assimilator  
  200  39:09  Protoss Shields Level 1  
  200  39:54  Gravitic Boosters  
  200  40:05  Pylon  
  200  40:07  Pylon  
  200  40:08  Observer, Pylon  
  200  40:10  Pylon  
  200  40:51  Gravitic Drive  
  200  41:18  Protoss Ground Armor Level 3  
Show
View Real Time Build Order
Export as new Build Order

eggbert Terran 

Build Orders: Liberator Opening, Reaper Expand 

Get SALT Encoding   

  12  0:00  SCV  
  13  0:12  SCV  
  14  0:17  Supply Depot  
  14  0:24  SCV  
  15  0:39  SCV  
  15  0:40  Barracks  
  16  0:45  Refinery  
  16  0:51  SCV  
  17  1:03  SCV  
  19  1:18  SCV  
  19  1:30  Reaper  
  20  1:45  Orbital Command  
  20  1:47  Command Center  
  20  1:55  Supply Depot  
  20  2:11  Marine, Bunker  
  21  2:15  SCV  
  21  2:22  Factory  
  22  2:29  Marine  
  23  2:33  SCV  
  24  2:45  SCV  
  24  2:47  Marine  
  26  2:57  Supply Depot, SCV  
  26  3:01  Orbital Command  
  26  3:08  Refinery  
  26  3:09  SCV  
  26  3:10  Hellion  
  26  3:12  Starport  
  29  3:13  Marine  
  30  3:27  Bunker  
  30  3:30  SCV x2  
  30  3:32  Marine  
  33  3:38  Hellion  
  35  3:42  SCV  
  35  3:44  SCV  
  37  3:51  Liberator  
  37  3:54  SCV  
  41  3:59  Marine  
  41  4:02  Supply Depot  
  42  4:03  SCV  
  42  4:06  SCV  
  44  4:10  Factory Tech Lab  
  44  4:18  SCV x2  
  46  4:29  Barracks Tech Lab  
  46  4:30  SCV  
  47  4:32  Barracks  
  47  4:33  Barracks  
  47  4:34  Siege Tank  
  47  4:36  SCV  
  51  4:42  SCV  
  52  4:46  Engineering Bay  
  52  4:47  Engineering Bay  
  52  4:48  SCV  
  53  4:52  Stimpack  
  53  4:53  Marine  
  53  4:54  SCV  
  55  5:00  SCV  
  55  5:06  SCV  
  57  5:10  Siege Tank  
  60  5:21  SCV  
  60  5:22  SCV  
  59  5:30  Barracks Reactor  
  59  5:31  Barracks Tech Lab  
  59  5:34  SCV  
  60  5:37  Refinery  
  60  5:38  Refinery  
  60  5:40  SCV  
  61  5:43  Terran Infantry Weapons Level 1  
  61  5:46  SCV  
  62  5:51  Supply Depot x2  
  62  6:12  Marine, Siege Tank, SCV x2  
  62  6:13  Marine x2, Marauder  
  72  6:21  Starport Reactor  
  72  6:24  SCV x2  
  74  6:29  Missile Turret  
  74  6:31  Supply Depot, Missile Turret  
  74  6:34  Command Center, Combat Shield  
  74  6:36  Concussive Shells, SCV x2  
  74  6:37  Marine x2  
  78  6:52  SCV x2, Barracks x2  
  78  6:53  Marauder x2  
  84  6:58  Marine x2  
  86  7:05  Supply Depot  
  86  7:06  Supply Depot  
  86  7:19  Terran Infantry Armor Level 1  
  86  7:26  Marine x2, Medivac x2  
  86  7:27  Marauder  
  86  7:28  Marine, SCV x2  
  97  7:40  SCV x2  
  97  7:43  Barracks Reactor x2  
  99  7:48  Barracks Tech Lab  
  99  7:51  Marine  
  99  7:52  Marine, Marauder x2, SCV x2  
  99  7:53  Ghost Academy  
  99  7:55  Siege Tank  
  110  7:59  Orbital Command  
  110  8:04  SCV  
  111  8:11  SCV  
  111  8:12  Armory  
  112  8:13  Medivac x2  
  112  8:14  Marine  
  117  8:36  Supply Depot  
  117  8:37  Enhanced Shockwaves, Supply Depot  
  117  8:57  Marine x2, Ghost  
  117  8:58  Marine x2, Marauder, SCV x2  
  117  8:59  Marauder  
  127  9:05  Viking x2  
  131  9:15  Marine x2  
  133  9:39  Marine  
  133  9:42  Marine x2  
  133  9:45  Siege Tank  
  131  9:52  Marine x2  
  131  9:57  Orbital Command  
  133  10:01  Supply Depot  
  133  10:02  Supply Depot  
  133  10:04  Supply Depot  
  133  10:08  Personal Cloaking  
  133  10:11  Terran Infantry Weapons Level 2  
  133  10:12  Terran Infantry Armor Level 2  
  133  10:18  Command Center  
  133  10:22  Marine x2  
  133  10:23  Marine x3, Viking x2, Ghost  
  133  10:24  Marauder  
  146  10:34  Siege Tank  
  149  10:35  SCV  
  149  10:36  SCV x2  
  149  10:40  Marine  
  153  10:43  Marine x3  
  153  10:47  Terran Ship Weapons Level 1  
  153  10:48  SCV, Refinery  
  157  10:50  Supply Depot  
  157  10:52  Supply Depot  
  157  10:53  Refinery  
  157  11:05  Supply Depot  
  157  11:11  Ghost  
  157  11:12  Marauder, SCV x3  
  157  11:13  Marauder  
  161  11:31  Marine x4  
  161  11:32  Siege Tank  
  162  11:33  Marauder  
  162  11:35  Marauder  
  162  11:36  Viking x2  
  170  11:48  Command Center  
  170  11:50  Supply Depot  
  170  11:53  Marine, Factory  
  170  11:54  Marine x2  
  172  11:55  Ghost, Marauder  
  172  11:58  Nuke  
  177  12:04  Siege Tank  
  177  12:06  Ghost Academy  
  177  12:08  Marine x2  
  180  12:09  Ghost Academy  
  182  12:16  Marauder  
  182  12:18  Marine x2  
  186  12:24  Marauder  
  188  12:32  SCV x3  
  188  12:34  Marine x2  
  188  12:35  Marauder  
  188  12:36  Viking x2  
  199  12:38  Planetary Fortress  
  199  12:44  SCV  
  199  12:47  Supply Depot  
  184  13:15  Marine x2  
  184  13:16  Marine, Ghost, Marauder x2  
  184  13:17  Siege Tank  
  184  13:19  Viking x2  
  197  13:32  Marine  
  197  13:33  Marine  
  199  13:35  SCV  
  199  13:58  Marine  
  187  14:16  Marine x3  
  167  14:17  Marauder x3  
  167  14:18  Viking x2, Siege Tank  
  164  14:37  Marine x4  
  164  14:38  Marine, Marauder  
  161  14:39  Marauder  
  155  14:55  Marine x3  
  155  14:56  Marauder  
  152  15:00  Marauder x2  
  148  15:12  Marine x2  
  146  15:18  Marauder  
  143  15:21  Marauder  
  143  15:24  Marine x2  
  143  15:25  Siege Tank, Marauder  
  143  15:26  Viking x2  
  143  15:27  Factory Tech Lab  
  149  15:29  Orbital Command  
  149  15:39  Marauder  
  149  15:40  Nuke  
  149  15:41  Nuke  
  151  15:43  Terran Infantry Weapons Level 3  
  151  15:44  Terran Ship Weapons Level 2, Terran Infantry Armor Level 3  
  151  15:47  Marine x6  
  157  15:55  Barracks  
  157  15:57  Refinery  
  157  16:00  Marauder  
  157  16:04  Marine, Refinery  
  159  16:05  Marine, Medivac x2  
  159  16:06  Siege Tank, Marauder  
  170  16:15  Marine x3  
  173  16:21  Ghost  
  173  16:22  Marine x2  
  177  16:27  Marauder  
  177  16:28  Barracks x2  
  179  16:32  Ghost  
  179  16:33  Marine  
  179  16:34  Marine  
  179  16:36  Orbital Command  
  179  16:37  Medivac x2  
  187  16:40  Marine x2  
  189  16:48  Marauder  
  189  16:49  Ghost  
  193  16:56  Marine x3  
  193  16:58  Marine  
  197  17:02  Marauder  
  184  17:09  Marine x2  
  184  17:13  Marine  
  184  17:14  Marine  
  146  17:35  Marine x3  
  146  17:36  Marine x2, Marauder  
  146  17:37  Siege Tank, Marauder x2  
  157  17:38  Medivac x2  
  162  17:53  Marine x4  
  162  17:57  Barracks Tech Lab x2, Ghost  
  167  18:00  Barracks Tech Lab  
  167  18:04  Starport  
  166  18:06  Starport  
  166  18:18  Marine x3  
  166  18:19  Marauder x2  
  175  18:20  Marauder  
  175  18:21  Siege Tank  
  175  18:22  Medivac x2  
  175  18:24  Marine  
  175  18:26  Ghost  
  185  18:29  Hi-Sec Auto Tracking  
  185  18:30  Terran Ship Weapons Level 3  
  185  18:31  Neosteel Armor  
  185  18:36  Marine x3  
  188  18:45  Marine x4  
  192  18:54  Medivac x2  
  192  18:55  Marauder  
  192  19:03  Marauder x2  
  196  19:13  Marine x2  
  196  19:14  Marine x2  
  200  19:17  Refinery  
  200  19:21  Refinery  
  195  19:59  Marine x3  
  185  20:00  Marine, Marauder  
  185  20:01  Siege Tank, Marauder x3  
  185  20:03  Medivac  
  199  20:13  Marauder  
  199  20:15  Starport Reactor x2  
  199  20:26  Command Center  
  199  20:29  Command Center  
  199  21:00  Marine  
  146  21:14  Marine  
  146  21:15  Marine x2  
  146  21:16  Marauder x6  
  119  21:21  Medivac x4  
  119  21:22  Medivac x2  
  131  21:32  Marine  
  131  21:33  Marine x2  
  131  21:34  Siege Tank  
  131  21:37  Marauder x4  
  131  21:38  Marauder  
  145  21:44  Orbital Command  
  145  21:45  Orbital Command  
  144  21:47  Marine x2  
  144  21:50  Marine x2  
  144  21:51  Marine  
  149  21:56  Terran Vehicle Weapons Level 1  
  149  21:58  Marauder  
  149  21:59  Marauder x4  
  159  22:02  Barracks x2  
  159  22:07  Marine x2  
  159  22:08  Marine x3  
  141  22:17  Viking x2  
  141  22:19  Marine x2  
  141  22:20  Marine x3  
  150  22:24  Marine  
  150  22:25  Marine  
  152  22:32  Orbital Command  
  152  22:37  Orbital Command  
  152  22:38  Marauder x4  
  160  22:46  Marine x4  
  160  22:47  Marauder x2  
  168  22:58  Marine  
  168  22:59  Marine, Marauder x2  
  168  23:04  Marine x4  
  178  23:08  Marine  
  178  23:09  Marauder  
  171  23:16  Marine x2  
  173  23:20  Marine x2  
  173  23:21  Marine  
  173  23:26  Marauder  
  175  23:30  Marauder  
  175  23:31  Marine x3  
  168  23:34  Marine x2  
  168  23:38  Marine x2  
  168  23:39  Marine  
  164  23:47  Marine  
  148  23:51  Marine x2  
  148  23:52  Marine x4  
  141  23:56  Marine  
  133  24:30  Marine  
  133  24:31  Marine x2  
  92  24:39  Marine  
  92  24:40  Marine x6  
  80  24:48  Marine x3  
  83  24:57  Marine x3  
  83  24:58  Marine x4  
  90  25:06  Marine x3  
  88  25:15  Marine x4  
  88  25:16  Marine x3  
  94  25:24  Marine x2  
Tags
 
Add a new tag
Caveats
  • Supply blocks, unpowered buildings, or Contaminate may cause inaccurate times.
  • Supply counts are checked every 10 seconds.